 Dungeon Crawl Stone Soup version 0.24.1-4-ge52af88ad5 (webtiles) character file.

Game seed: 1460592816698024959, levelgen mode: deterministic

2303 MisterOstroum the Caller (level 9, 0/68 HPs)
             Began as a Hill Orc Wizard on Apr 12, 2020.
             Was a Follower of Sif Muna.
             Slain by a worker ant (4 damage)
             ... on level 8 of the Dungeon.
             The game lasted 00:34:08 (10771 turns).

MisterOstroum the Caller (Hill Orc Wizard)         Turns: 10771, Time: 00:34:09

Health: 0/68       AC:  3    Str: 10    XL:     9   Next: 40%
Magic:  15/15      EV: 12    Int: 21    God:    Sif Muna [*.....]
Gold:   288        SH:  4    Dex:  9    Spells: 8/16 levels left

rFire    . . .     SeeInvis .   L - +0 spear
rCold    + . .     Gourm    .   r - +0 buckler
rNeg     . . .     Faith    .   a - +0 robe
rPois    .         Spirit   .   z - +0 helmet
rElec    .         Reflect  .   (no cloak)
rCorr    .         Harm     .   (no gloves)
MR       .....                  (no boots)
Stlth    ++........             m - amulet of regeneration
HPRegen  0.61/turn              l - ring of protection from cold
MPRegen  0.14/turn              G - +6 ring of slaying

@: no status effects
A: no striking features
a: Channel Magic, Renounce Religion


You were on level 8 of the Dungeon.
You worshipped Sif Muna.
Sif Muna was aware of your devotion.
You were not hungry.

You visited 2 branches of the dungeon, and saw 9 of its levels.

You collected 288 gold pieces.

Inventory:

Hand Weapons
 d - a +0 dagger
 s - a +0 trident
 I - a +2 whip of flaming
 L - a +0 spear (weapon)
 M - a +2 whip of venom
Missiles
 t - 122 arrows
Armour
 a - a +0 robe (worn)
 r - a +0 buckler (worn)
 z - a +0 helmet (worn)
Magical Staves
 D - an uncursed staff of air
Jewellery
 l - a ring of protection from cold (left hand)
 m - an amulet of regeneration (around neck)
 G - a +6 ring of slaying (right hand)
 H - an uncursed ring of poison resistance
Wands
 i - a wand of random effects (24)
 o - a wand of flame (20)
 x - a wand of iceblast (9)
 B - a wand of scattershot (5)
 E - a wand of polymorph (7)
Scrolls
 c - 5 scrolls of teleportation
 g - 3 scrolls of fear {!r}
 k - a scroll of enchant weapon {unknown}
 p - 3 scrolls of remove curse {@r2}
 w - a scroll of amnesia
 y - a scroll of immolation {unknown}
 A - a scroll of holy word {unknown}
 F - 2 scrolls of blinking {unknown}
 K - 2 scrolls of random uselessness {unknown}
Potions
 b - a potion of agility {unknown}
 f - 6 potions of curing {@q1 !q}
 h - 3 potions of flight
 j - 4 potions of heal wounds {@q2 !q}
 n - 2 potions of ambrosia
 q - 2 potions of cancellation
 u - a potion of might {unknown}
 v - 2 potions of lignification
 C - a potion of haste {@q4 !q}
 N - a potion of brilliance {unknown}
Comestibles
 e - 12 rations
 J - 6 chunks of flesh


   Skills:
 + Level 2.6 Fighting
 + Level 4.1 Polearms
 - Level 1.5 Dodging
 - Level 1.5 Stealth
 - Level 4.0 Shields
 * Level 4.4 Spellcasting
 - Level 3.3 Conjurations
 - Level 6.8 Summonings
 - Level 3.3 Translocations
 + Level 0.9 Invocations
 - Level 3.2 Evocations


You had 8 spell levels left.
You knew the following spells:

 Your Spells              Type           Power        Failure   Level  Hunger
a - Magic Dart            Conj           ###.         3%          1    None
b - Call Imp              Summ           ####....     1%          2    #......
c - Conjure Flame         Conj/Fire      ##......     17%         3    ##.....
B - Blink                 Tloc           N/A          4%          2    #......

Your spell library contained the following spells:

 Spells                   Type           Power        Failure   Level  Hunger
 Slow                     Hex            #.......     17%         2    #......
 Mephitic Cloud           Conj/Pois/Air  #.......     22%         3    ##.....


Dungeon Overview and Level Annotations

Branches:
Dungeon (8/15)             Temple (1/1) D:6
   Lair: D:8-11

Altars:
Ashenzari
Dithmenos
Hepliaklqana
Makhleb
Nemelex Xobeh
Okawaru
Qazlal
Ru
Sif Muna
Trog
Uskayaw
Vehumet
Xom
Yredelemnul
Zin
The Shining One

Annotations:
D:5 1 runed translucent door, exclusion: door, Crazy Yiuf
D:7 Harold


Message History

The orc is too close now for your liking.
There is a stone staircase leading up, spattered with blood here.
An orc is nearby!
Casting: Conjure Flame (safe; 17% risk of failure)
Confirm with . or Enter, or press ? or * to list all spells.
Aiming: Magic Dart (safe; 3% risk of failure)
Press: ? - help, Shift-Dir - straight line, f - orc
Aim: an orc, wearing a +0 leather armour The magic dart hits the orc but does no damage.
Attack whom?
Press: ? - help, Dir - move target cursor, f/p - orc
Aim: an orc, wearing a +0 leather armour You reach to attack!
You puncture the orc!
You kill the orc!
Sif Muna accepts your kill.
The ogre shouts!
Attack whom?
Press: ? - help, Dir - move target cursor, f - orc wizard
Aim: an orc wizard, wielding a +0 dagger and wearing a +0 robe You reach to attack!
You hit the orc wizard.
The orc wizard is lightly wounded.
Casting: Magic Dart (safe; 3% risk of failure)
Confirm with . or Enter, or press ? or * to list all spells.
Okay, then.
Casting: Magic Dart (safe; 3% risk of failure)
Confirm with . or Enter, or press ? or * to list all spells.
A beastly little devil appears in a puff of flame.
The orc wizard hits you with a +0 dagger.
You hit the orc wizard.
The orc wizard is heavily wounded.
You hit the orc wizard.
The orc wizard is severely wounded.
The orc wizard hits you with a +0 dagger.
You swap places.
Your crimson imp misses the orc wizard.
The orc wizard gestures wildly while chanting.
The orc wizard flickers and vanishes!
Deactivating autopickup; reactivate with Ctrl-A.
You swap places.
Something hits you.
Attack whom?
Press: ? - help, Dir - move target cursor, f - orc
Aim: an orc, wielding a +0 hand axe You reach to attack!
You hit the ogre.
The ogre is moderately wounded.
Your crimson imp blinks!
Something hits you.
Attack whom?
Press: ? - help, Dir - move target cursor, p - ogre You miss something.
Something hits you.
You barely miss something. Something hits you.
You closely miss something.
Your crimson imp blinks!
You hear some strange, mumbled words.
You are confused.
Really quaff
f - 7 potions of curing {@q1 !q}?
You feel better. Something hits you.
You miss something. Something hits you but does no damage.
You hit something.
You hear some strange, mumbled words.
A magic dart appears from out of thin air!
The magic dart hits you.
You closely miss something.
You hear some strange, mumbled words.
Something tries to affect you, but you resist.
You barely miss something. You barely miss something. Something hits you.
You hit something. You block something's attack.
You miss something. Something barely misses you.
Something hits you but does no damage.
There is a stone staircase leading up, spattered with blood here.
You puncture something! Sif Muna accepts your kill.
Reactivating autopickup.
You feel a bit more experienced.
You hit the ogre.
The ogre is moderately wounded.
Your crimson imp hits the ogre.
You barely miss the ogre.
The ogre is moderately wounded.
The ogre closely misses you.
Your crimson imp hits the ogre.
You barely miss the ogre.
The ogre is moderately wounded.
The ogre hits you with a +0 giant club!!
Your crimson imp blinks!
You are too injured to fight recklessly!
There is a stone staircase leading up here.
The orc priest shouts!
Your crimson imp disappears in a puff of smoke!
A worker ant comes into view.
The worker ant twitches its antennae in your direction.
The orc hits you but does no damage.
The orc priest mumbles some strange prayers to Beogh against you.
Beogh smites you! You block the orc's attack. The worker ant bites you.
The ogre hits you with a +0 giant club!!
* * * LOW HITPOINT WARNING * * *
The orc priest shouts, "Surrender to Beogh and we'll let you live!"
The orc priest miscasts a cantrip.
There is a stone staircase leading up, spattered with blood here.
The worker ant bites you.
You die... #..####.##.....# . #.....#.##.#.#.#######.# #.###......#.#.H..O.ooo. #.##.........########o.# #.#.....#.#### .o# #.#..#....# .oo

#.......#.# .o.
#.#.o##[#...
...
#...o<#@#.).#
...
#.#..Oa.#.###
...
#.....o........
#.#.....####.##
#.#..#.#...
#.##.#.#.##
#....#....
#.##.###.#. ..#
.#.#


You could see an ogre, a worker ant and an orc.

Vanquished Creatures
  2 hippogriffs (D:7)
  A water moccasin (D:7)
  A phantom (D:5)
  3 slaves
  A big kobold (D:7)
  A bullfrog (D:7)
  A scorpion (D:7)
  3 howler monkeys (D:7)
  A crimson imp (D:5)
  A quasit (D:7)
  An orc priest (D:7)
  A bullfrog skeleton (D:7)
  Natasha (twice) (D:2)
  4 orc wizards
  A worker ant (D:7)
  A hound zombie (D:7)
  5 gnolls
  A worker ant zombie (D:5)
  An adder (D:7)
  A shadow imp (D:7)
  An ooze (D:1)
  An adder zombie (D:5)
  A worm (D:3)
  A dart slug (D:1)
  2 leopard geckos
  9 orcs
  A ball python (D:2)
  4 giant cockroaches
  7 goblins
  5 hobgoblins
  4 jackals
  11 kobolds
  3 quokkas
  8 bats
  4 frilled lizards
  A quokka skeleton (D:4)
  5 rats
101 creatures vanquished.

Vanquished Creatures (collateral kills)
  Pikel (D:6)
  A hungry ghost (D:8)
  A sky beast (D:6)
  2 ogres
  A phantom (D:4)
  2 centaurs
  A bullfrog (D:7)
  A scorpion (D:6)
  A howler monkey (D:6)
  3 orc wizards
  A bullfrog skeleton (D:4)
  3 orc priests
  A hound (D:4)
  Terence (D:3)
  A worker ant (D:4)
  Natasha (D:2)
  3 adders
  5 gnolls
  A howler monkey skeleton (D:5)
  2 oozes
  5 orcs
  A giant cockroach (D:1)
  2 hobgoblins
  3 jackals (D:2)
  3 kobolds
  A ball python (D:4)
  A ball python skeleton (D:4)
  A frilled lizard (D:1)
50 creatures vanquished.

Vanquished Creatures (others)
  A slave (D:7)
  An adder (D:6)
2 creatures vanquished.

Grand Total: 153 creatures vanquished

Notes
Turn   | Place    | Note
-------+----------+-------------------------------------------
     0 | D:1      | MisterOstroum the Hill Orc Wizard began the quest for the
                  | Orb.
     0 | D:1      | Reached XP level 1. HP: 14/14 MP: 3/3
   162 | D:1      | Reached skill level 1 in Fighting
   162 | D:1      | Reached XP level 2. HP: 14/24 MP: 0/5
   166 | D:1      | Learned a level 2 spell: Call Imp
   169 | D:1      | Learned a level 2 spell: Blink
  1262 | D:1      | Reached XP level 3. HP: 10/29 MP: 1/6
  2681 | D:2      | Reached skill level 2 in Summonings
  3052 | D:2      | Noticed Natasha
  3070 | D:2      | Killed Natasha
  3070 | D:2      | Reached XP level 4. HP: 36/36 MP: 1/7
  3581 | D:2      | Reached skill level 3 in Summonings
  3933 | D:2      | Noticed Natasha
  3947 | D:2      | Killed Natasha
  3947 | D:2      | Reached XP level 5. HP: 36/41 MP: 2/8
  4233 | D:2      | Noticed Natasha
  4273 | D:2      | Killed Natasha
  4642 | D:3      | Noticed Terence
  4658 | D:3      | Killed Terence
  5432 | D:4      | Reached skill level 1 in Translocations
  5578 | D:4      | Reached XP level 6. HP: 49/49 MP: 5/9
  6094 | D:4      | Reached skill level 1 in Polearms
  6094 | D:4      | Reached skill level 1 in Shields
  6094 | D:4      | Reached skill level 4 in Summonings
  6201 | D:5      | Entered Level 5 of the Dungeon
  6444 | D:5      | Found a shadowy altar of Dithmenos.
  6537 | D:5      | Noticed a phantom
  6689 | D:4      | Killed a phantom
  6738 | D:5      | Reached XP level 7. HP: 35/56 MP: 7/10
  6837 | D:5      | Found a runed translucent door.
  6838 | D:5      | Noticed Crazy Yiuf
  7850 | D:6      | Reached skill level 5 in Summonings
  8426 | D:6      | Reached XP level 8. HP: 27/62 MP: 10/12
  8546 | D:6      | Found a staircase to the Ecumenical Temple.
  8552 | Temple   | Entered the Ecumenical Temple
  8558 | Temple   | Became a worshipper of Sif Muna the Loreminder
  8835 | D:7      | Noticed Pikel
  8958 | D:6      | Killed Pikel
  8978 | D:7      | Learned a level 3 spell: Conjure Flame
  9175 | D:7      | Noticed a hippogriff
  9298 | D:7      | Killed a hippogriff
  9298 | D:7      | Reached skill level 6 in Summonings
  9735 | D:7      | Reached XP level 9. HP: 59/68 MP: 5/15
  9902 | D:7      | Reached * piety under Sif Muna
 10159 | D:7      | Noticed Harold
 10345 | D:8      | Reached skill level 1 in Evocations
 10768 | D:8      | HP: 3/68 [ogre/+0 giant club (20)]
 10771 | D:8      | Slain by a worker ant

Levels and vault maps discovered:
D:1:      shiori_arrival_oz, layout_basic, minmay_pentomino_v2
D:2:      layout_basic, first_ration, uniq_natasha
D:3:      layout_basic, uniq_terence
D:4:      layout_loops_cross
D:5:      layout_basic, grunt_dithmenos_smoke, uniq_crazy_yiuf_cottage
D:6:      layout_loops_ring, minmay_temple_entry_purple_smoke,
          kennysheep_generic_room_7
D:7:      layout_basic, enter_ossuary_2, uniq_harold, uniq_pikel
D:8:      layout_basic, lemuel_round_altar
Temple:   dpeg_three_leaves_temple

Skill      XL: |  1  2  3  4  5  6  7  8  9 |
---------------+----------------------------+-----
Fighting       | 1 2 |  2.6
Summonings     | 2 3 4 5 6 |  6.8
Conjurations   | 2 3 |  3.3
Translocations | 1 2 3 |  3.3
Polearms       | 1 2 4 |  4.1
Shields        | 1 2 3 4 |  4.0
Spellcasting   | 3 4 |  4.4
Evocations     | 3 |  3.2
Dodging        | |  1.5
Stealth        | |  1.5
Invocations    | |  0.9

Action                   |  1- 3 |  4- 6 |  7- 9 || total
-------------------------+-------+-------+-------++-------
Melee: Unarmed           |    32 |       |       ||    32
       Dagger            |    73 |    72 |       ||   145
       Trident           |       |    79 |   167 ||   246
       Spear             |       |       |   141 ||   141
 Cast: Magic Dart        |    86 |    53 |    25 ||   164
       Call Imp          |     9 |    42 |    78 ||   129
       Blink             |     2 |     2 |    13 ||    17
       Conjure Flame     |       |       |    11 ||    11
Evoke: Wand              |       |     1 |       ||     1
  Use: Scroll            |     4 |     1 |     7 ||    12
       Potion            |       |       |     1 ||     1
 Stab: Sleeping          |     1 |     2 |       ||     3
       Distracted        |       |       |     3 ||     3
  Eat: Chunk             |     8 |    11 |     8 ||    27
       Ration            |       |     1 |     3 ||     4
Armor: Robe              |    35 |    22 |    32 ||    89
Dodge: Dodged            |   102 |    72 |   115 ||   289
Block: Buckler           |       |     7 |    29 ||    36
